 Dungeon Crawl Stone Soup version 0.22.1-2-g9c5b331 (webtiles) character file.

53 negitausen the Skirmisher (level 3, -6/29 HPs)
             Began as a Demonspawn Berserker on Nov 17, 2018.
             Was a Believer of Trog.
             Mangled by an ice beast (19 damage)
             ... on level 3 of the Dungeon.
             The game lasted 00:13:21 (1929 turns).

negitausen the Skirmisher (Demonspawn Berserker)    Turns: 1929, Time: 00:13:22

Health: -6/29      AC: 12    Str: 18    XL:     3   Next: 64%
Magic:  3/3        EV:  3    Int:  8    God:    Trog [**....]
Gold:   66         SH:  7    Dex: 12    Spells: 2/2 levels left

rFire    + + .     SeeInvis .   j - -3 hand axe (curse)
rCold    x . .     Gourm    .   o - +0 shield
rNeg     . . .     Faith    .   h - +0 plate armour
rPois    .         Spirit   .   (no helmet)
rElec    .         Reflect  .   (no cloak)
rCorr    .         Harm     .   (no gloves)
MR       .....                  l - +0 pair of boots
Stlth    ..........             (no amulet)
HPRegen  0.09/turn              m - ring of fire
MPRegen  0.08/turn              (no ring)

@: no status effects
A: fire resistance 1
a: Berserk, Trog's Hand, Renounce Religion


You were on level 3 of the Dungeon.
You worshipped Trog.
Trog was pleased with you.
You were not hungry.

You visited 1 branch of the dungeon, and saw 3 of its levels.

You collected 66 gold pieces.

Inventory:

Hand Weapons
 a - a +0 hand axe
 e - a +1 short sword of venom
 f - a +3 short sword
 j - a cursed -3 hand axe (weapon)
 q - a +4 short sword
Missiles
 k - 19 sling bullets
Armour
 b - a +0 animal skin
 d - a +0 scale mail
 g - a +0 robe
 h - a +0 plate armour (worn)
 l - a +0 pair of boots (worn)
 o - a +0 shield (worn)
Jewellery
 m - a ring of fire (left hand)
Scrolls
 n - a scroll of fear
 p - 2 scrolls of identify
Comestibles
 c - 2 rations
 i - a chunk of flesh


   Skills:
 + Level 3.5 Fighting
 + Level 0.8 Short Blades
 + Level 3.2 Axes
 + Level 2.1 Armour
 + Level 2.0 Dodging
 + Level 0.6 Stealth


You had 2 spell levels left.
You didn't know any spells.
Your spell library was empty.

Dungeon Overview and Level Annotations

Branches:
Dungeon (3/15)

Altars:
Qazlal
Vehumet

Annotations:
D:1 1 runed door


Innate Abilities, Weirdness & Mutations

Your flesh is heat resistant. (rF+)


Message History

You block the ice beast's attack.
You hit the ice beast but do no damage.
The ice beast is lightly wounded.
The ice beast hits you. The ice beast freezes you!
You feel a terrible chill!
Your plate armour prevents you from hitting the ice beast.
The ice beast is lightly wounded.
The ice beast barely misses you.
The ice beast hits you but does no damage.
You closely miss the ice beast.
The ice beast is lightly wounded.
You block the ice beast's attack.
You see here a bat corpse.
You hit the ice beast but do no damage.
The ice beast is lightly wounded.
The ice beast barely misses you.
Your plate armour prevents you from hitting the ice beast.
The ice beast is lightly wounded.
The ice beast hits you. The ice beast freezes you!!
You feel a terrible chill!
Ouch! That really hurt!
You die...

....#........##.###
.................(###.##
.....#.##...............
.................####...
.......<.†..............
%...###.......<.........
. .....................
.....................(
........#....Y@....#.#
........#..........._..
........#..........#.#.
..######...#####......
#... ....... #...
###..## #.. ...# .(#


You could see an ice beast.

Vanquished Creatures
  A gnoll (D:1)
  2 worms
  2 dart slugs (D:1)
  3 leopard geckos
  An orc (D:3)
  8 bats
  2 hobgoblins (D:1)
  A quokka (D:2)
  2 ball pythons (D:1)
  3 frilled lizards
  A goblin (D:1)
  2 kobolds (D:1)
  7 rats
  A bush (D:1)
36 creatures vanquished.

Notes
Turn   | Place    | Note
-------+----------+-------------------------------------------
     0 | D:1      | negitausen the Demonspawn Berserker began the quest for the
                  | Orb.
     0 | D:1      | Reached XP level 1. HP: 18/18 MP: 1/1
     9 | D:1      | Found a runed door.
    12 | D:1      | Noticed a jelly
   205 | D:1      | Gained mutation: Your flesh is heat resistant. (rF+)
                  | [demonic ancestry]
   205 | D:1      | Reached XP level 2. HP: 24/24 MP: 2/2
  1088 | D:1      | Reached XP level 3. HP: 21/29 MP: 3/3
  1295 | D:2      | Found a stormy altar of Qazlal.
  1507 | D:2      | Reached ** piety under Trog
  1700 | D:2      | You fall through a shaft!
  1700 | D:3      | Found a radiant altar of Vehumet.
  1904 | D:3      | Noticed an ice beast
  1929 | D:3      | Mangled by an ice beast

Skill      XL: |  1  2  3 |
---------------+----------+-----
Dodging        | 2 |  2.0
Axes           | 3 |  3.2
Armour         | 2 |  2.1
Fighting       | |  3.5
Short Blades   | |  0.8
Stealth        | |  0.6

Action                   || total
-------------------------++-------
Melee: Short sword       ||    15
       Hand axe          ||   366
  Use: Potion            ||     2
       Scroll            ||     6
 Stab: Sleeping          ||     1
  Eat: Ration            ||     1
       Chunk             ||     1
Armor: Animal skin       ||     3
       Plate armour      ||   125
Dodge: Dodged            ||    53
Block: Shield            ||    35
